[ AOE2 MATCH · #478380604 ]
UnrankedIncas vs Bohemians
[ REPLAY ANALYSIS · EXTRACTED FROM THE RECORDED GAME ]
Feudal
9:47
Castle
—
Imperial
—
| APM avg | 28.9 |
| APM peak | 55 |
| eAPM avg | 15.3 |
| Villagers / military | 61 / 28 |
Focus
⚔️ 46.9% · 🌾 53.1%
Unknown (2550) ×67 · Spearman ×28
Feudal
10:52
Castle
—
Imperial
—
| APM avg | 25.5 |
| APM peak | 57 |
| eAPM avg | 10.6 |
| Villagers / military | 42 / 10 |
Focus
⚔️ 24.8% · 🌾 75.2%
Scout Cavalry ×10
Feudal
9:02
Castle
23:04
Imperial
—
| APM avg | 50.6 |
| APM peak | 98 |
| eAPM avg | 21.3 |
| Villagers / military | 45 / 29 |
Focus
⚔️ 42.7% · 🌾 57.3%
Scout Cavalry ×29
Feudal
11:27
Castle
—
Imperial
—
| APM avg | 29.4 |
| APM peak | 61 |
| eAPM avg | 18.4 |
| Villagers / military | 49 / 2 |
Focus
⚔️ 16.1% · 🌾 83.9%
Spearman ×2
Feudal
9:16
Castle
—
Imperial
—
| APM avg | 59.3 |
| APM peak | 112 |
| eAPM avg | 21.0 |
| Villagers / military | 49 / 31 |
Focus
⚔️ 46.1% · 🌾 53.9%
Archer ×31
Feudal
9:53
Castle
—
Imperial
—
| APM avg | 39.7 |
| APM peak | 79 |
| eAPM avg | 15.8 |
| Villagers / military | 39 / 20 |
Focus
⚔️ 23.8% · 🌾 76.2%
Militia ×20
Feudal
8:56
Castle
—
Imperial
—
| APM avg | 33.7 |
| APM peak | 103 |
| eAPM avg | 16.3 |
| Villagers / military | 53 / 2 |
Focus
⚔️ 30.5% · 🌾 69.5%
Spearman ×2
Feudal
8:38
Castle
—
Imperial
—
| APM avg | 45.0 |
| APM peak | 71 |
| eAPM avg | 16.1 |
| Villagers / military | 42 / 15 |
Focus
⚔️ 21.7% · 🌾 78.3%
Scout Cavalry ×15
Match map
Initial resources + every placement click. Lines = walls · curves = elevation contours. ◆ gold · ⬟ stone · ● berries · ✦ relic · ◌ wall gap
Your base· Open — unwalled flank
rookie's base· Open — unwalled flank
RD | Dominicano's base· Open — unwalled flank
ׅ's base· Open — 5t gap
Floki's base· Open — unwalled flank
Puff the Magic Dragon's base· Open — unwalled flank
lucasmauriciogona's base· Open — unwalled flank
Ruenon's base· Open — 2t gap
Smoothed initial terrain · ◌ = detected wall gap · hover for details
Inputs per minute
— HIX | Mark Anthony - - rookie
Build order — HIX | Mark Anthony
First 150 of 208 actions detected
| 0:01 | Queue | Villager (Male) |
| 0:01 | Queue | Villager (Male) |
| 0:02 | Queue | Villager (Male) |
| 0:02 | Queue | Villager (Male) |
| 0:02 | Queue | Villager (Male) |
| 0:04 | Build | House |
| 0:06 | Build | House |
| 1:35 | Queue | Villager (Male) |
| 1:35 | Queue | Villager (Male) |
| 2:03 | Queue | Villager (Male) |
| 2:03 | Queue | Villager (Male) |
| 2:26 | Build | Settlement |
| 2:27 | Queue | Villager (Male) |
| 2:28 | Queue | Villager (Male) |
| 2:45 | Queue | Villager (Male) |
| 2:58 | Queue | Villager (Male) |
| 2:59 | Queue | Villager (Male) |
| 3:28 | Queue | Villager (Male) |
| 3:28 | Queue | Villager (Male) |
| 3:53 | Queue | Villager (Male) |
| 4:13 | Queue | Villager (Male) |
| 4:13 | Queue | Villager (Male) |
| 4:22 | Queue | Villager (Male) |
| 4:23 | Queue | Villager (Male) |
| 4:23 | Queue | Villager (Male) |
| 5:27 | Build | Settlement |
| 5:32 | Queue | Villager (Male) |
| 5:32 | Queue | Villager (Male) |
| 5:42 | Queue | Villager (Male) |
| 6:32 | Queue | Villager (Male) |
| 6:32 | Research | Loom |
| 7:08 | Research | Feudal Age |
| 7:56 | Queue | Villager (Male) |
| 7:57 | Queue | Villager (Male) |
| 8:35 | Build | Barracks |
| 8:37 | Build | Palisade Wall |
| 9:47 | Age | Feudal Age |
| 9:51 | Build | Barracks |
| 9:54 | Build | Palisade Wall |
| 9:56 | Build | Palisade Wall |
| 10:00 | Research | Tech 1402 |
| 10:01 | Queue | Villager (Male) |
| 10:01 | Queue | Villager (Male) |
| 10:07 | Research | Double-Bit Axe |
| 10:34 | Queue | Unit 2550 |
| 10:34 | Queue | Unit 2550 |
| 10:35 | Queue | Unit 2550 |
| 10:36 | Queue | Unit 2550 |
| 10:54 | Build | Blacksmith |
| 10:57 | Build | Farm |
| 10:57 | Build | Farm |
| 10:57 | Build | Farm |
| 10:58 | Build | Farm |
| 10:58 | Build | Farm |
| 11:03 | Queue | Villager (Male) |
| 11:44 | Build | Farm |
| 11:44 | Build | Farm |
| 11:44 | Build | Farm |
| 11:45 | Build | Farm |
| 11:50 | Queue | Villager (Male) |
| 11:51 | Queue | Villager (Male) |
| 12:09 | Build | Farm |
| 12:22 | Queue | Unit 2550 |
| 12:22 | Queue | Unit 2550 |
| 12:22 | Queue | Unit 2550 |
| 12:43 | Build | Farm |
| 12:44 | Build | Farm |
| 12:49 | Queue | Villager (Male) |
| 12:50 | Queue | Villager (Male) |
| 12:54 | Build | Farm |
| 13:09 | Queue | Unit 2550 |
| 13:10 | Queue | Unit 2550 |
| 13:26 | Build | Farm |
| 13:28 | Build | Farm |
| 13:39 | Queue | Villager (Male) |
| 13:39 | Queue | Villager (Male) |
| 13:42 | Queue | Spearman |
| 13:42 | Queue | Spearman |
| 13:43 | Queue | Spearman |
| 14:08 | Queue | Unit 2550 |
| 14:09 | Queue | Unit 2550 |
| 14:09 | Queue | Unit 2550 |
| 14:13 | Build | Farm |
| 14:16 | Build | Farm |
| 14:18 | Build | Farm |
| 14:24 | Queue | Spearman |
| 14:24 | Queue | Spearman |
| 15:04 | Queue | Spearman |
| 15:05 | Queue | Spearman |
| 15:05 | Queue | Unit 2550 |
| 15:06 | Queue | Unit 2550 |
| 15:34 | Queue | Villager (Male) |
| 15:34 | Queue | Villager (Male) |
| 15:36 | Queue | Unit 2550 |
| 15:36 | Queue | Unit 2550 |
| 15:36 | Queue | Spearman |
| 15:49 | Queue | Unit 2550 |
| 15:49 | Queue | Unit 2550 |
| 15:49 | Queue | Unit 2550 |
| 16:08 | Queue | Villager (Male) |
| 16:09 | Queue | Villager (Male) |
| 16:13 | Build | House |
| 16:28 | Queue | Villager (Male) |
| 16:35 | Queue | Villager (Male) |
| 16:35 | Queue | Villager (Male) |
| 16:49 | Queue | Villager (Male) |
| 16:56 | Build | Barracks |
| 16:58 | Build | Farm |
| 17:02 | Build | Farm |
| 17:03 | Queue | Villager (Male) |
| 17:25 | Queue | Unit 2550 |
| 17:25 | Queue | Unit 2550 |
| 17:25 | Queue | Unit 2550 |
| 17:26 | Queue | Unit 2550 |
| 17:32 | Build | Farm |
| 17:45 | Research | Scale Mail Armor |
| 18:06 | Queue | Unit 2550 |
| 18:06 | Queue | Unit 2550 |
| 18:07 | Queue | Unit 2550 |
| 18:11 | Build | Farm |
| 18:11 | Build | Farm |
| 18:28 | Queue | Unit 2550 |
| 18:28 | Queue | Unit 2550 |
| 18:29 | Queue | Unit 2550 |
| 18:29 | Queue | Unit 2550 |
| 18:44 | Queue | Unit 2550 |
| 18:45 | Queue | Unit 2550 |
| 18:45 | Queue | Unit 2550 |
| 18:45 | Queue | Unit 2550 |
| 18:49 | Build | Farm |
| 18:49 | Build | Farm |
| 18:49 | Build | Farm |
| 18:52 | Queue | Villager (Male) |
| 18:52 | Queue | Villager (Male) |
| 18:52 | Queue | Villager (Male) |
| 19:04 | Queue | Unit 2550 |
| 19:04 | Queue | Unit 2550 |
| 19:05 | Queue | Unit 2550 |
| 19:34 | Research | Forging |
| 19:39 | Queue | Unit 2550 |
| 19:39 | Queue | Unit 2550 |
| 19:40 | Queue | Unit 2550 |
| 20:00 | Queue | Unit 2550 |
| 20:00 | Queue | Unit 2550 |
| 20:00 | Queue | Unit 2550 |
| 20:00 | Queue | Unit 2550 |
| 20:18 | Queue | Unit 2550 |
| 20:18 | Queue | Unit 2550 |
| 20:18 | Queue | Unit 2550 |
| 20:18 | Queue | Spearman |
Build order — rookie
94 actions detected in the replay
| 0:04 | Queue | Villager (Male) ×4 |
| 0:06 | Build | House |
| 0:11 | Build | House |
| 1:44 | Queue | Villager (Male) |
| 2:29 | Queue | Villager (Male) |
| 2:29 | Queue | Villager (Male) |
| 2:30 | Queue | Villager (Male) |
| 3:36 | Build | Lumber Camp |
| 3:41 | Queue | Villager (Male) |
| 3:41 | Queue | Villager (Male) |
| 3:41 | Queue | Villager (Male) |
| 3:42 | Queue | Villager (Male) |
| 3:42 | Queue | Villager (Male) |
| 4:34 | Build | House |
| 5:17 | Queue | Villager (Male) |
| 5:17 | Queue | Villager (Male) |
| 5:43 | Build | Mill |
| 6:01 | Research | Loom |
| 6:14 | Queue | Villager (Male) |
| 6:15 | Queue | Villager (Male) |
| 6:15 | Queue | Villager (Male) |
| 6:15 | Queue | Villager (Male) |
| 6:53 | Build | House |
| 8:26 | Queue | Villager (Male) |
| 8:42 | Research | Feudal Age |
| 9:02 | Build | Barracks |
| 9:57 | Queue | Villager (Male) |
| 10:11 | Build | Palisade Wall |
| 10:33 | Build | Palisade Wall |
| 10:52 | Age | Feudal Age |
| 10:54 | Build | Palisade Wall |
| 11:04 | Build | Stable |
| 11:18 | Queue | Villager (Male) |
| 11:21 | Research | Double-Bit Axe |
| 11:31 | Build | Lumber Camp |
| 11:43 | Queue | Villager (Male) |
| 11:57 | Build | House |
| 12:00 | Queue | Villager (Male) |
| 12:04 | Queue | Scout Cavalry |
| 12:26 | Research | Horse Collar |
| 12:30 | Build | House |
| 12:32 | Build | House |
| 13:12 | Queue | Scout Cavalry |
| 13:13 | Queue | Scout Cavalry |
| 13:16 | Queue | Villager (Male) |
| 13:16 | Queue | Villager (Male) |
| 13:51 | Build | Blacksmith |
| 14:05 | Queue | Scout Cavalry |
| 14:08 | Build | Farm |
| 14:09 | Build | Farm |
| 14:11 | Build | Farm |
| 14:44 | Build | Palisade Wall |
| 15:01 | Queue | Scout Cavalry |
| 15:14 | Research | Scale Barding Armor |
| 15:19 | Queue | Scout Cavalry |
| 15:28 | Build | Palisade Wall |
| 15:42 | Queue | Scout Cavalry |
| 15:44 | Queue | Villager (Male) |
| 15:44 | Queue | Villager (Male) |
| 15:54 | Build | Farm |
| 15:55 | Build | Farm |
| 16:00 | Build | Farm |
| 16:01 | Build | Farm |
| 16:12 | Queue | Scout Cavalry |
| 16:24 | Build | Mining Camp |
| 16:28 | Build | Farm |
| 16:30 | Build | Farm |
| 16:33 | Queue | Villager (Male) |
| 16:34 | Queue | Villager (Male) |
| 16:51 | Build | Lumber Camp |
| 17:08 | Build | Watch Tower |
| 17:25 | Queue | Villager (Male) |
| 17:58 | Queue | Villager (Male) |
| 17:59 | Queue | Villager (Male) |
| 18:56 | Queue | Villager (Male) |
| 18:57 | Queue | Villager (Male) |
| 18:57 | Queue | Villager (Male) |
| 18:57 | Queue | Villager (Male) |
| 19:09 | Queue | Villager (Male) |
| 19:13 | Build | Farm |
| 19:15 | Build | Farm |
| 19:17 | Build | Farm |
| 19:21 | Build | Farm |
| 19:25 | Queue | Villager (Male) |
| 19:34 | Queue | Villager (Male) |
| 19:36 | Build | Farm |
| 20:23 | Build | Farm |
| 21:28 | Build | House |
| 21:53 | Build | Farm |
| 22:22 | Queue | Villager (Male) |
| 22:22 | Queue | Villager (Male) |
| 23:34 | Build | Watch Tower |
| 23:49 | Queue | Scout Cavalry |
| 23:49 | Queue | Scout Cavalry |
Build order — RD | Dominicano
First 150 of 153 actions detected
| 0:01 | Queue | Villager (Male) |
| 0:07 | Build | House |
| 0:08 | Build | House |
| 0:18 | Queue | Villager (Male) |
| 0:22 | Queue | Villager (Male) |
| 0:29 | Queue | Villager (Male) |
| 1:26 | Queue | Villager (Male) |
| 2:03 | Queue | Villager (Male) |
| 2:06 | Build | Lumber Camp |
| 2:17 | Queue | Villager (Male) |
| 2:51 | Queue | Villager (Male) |
| 3:09 | Queue | Villager (Male) |
| 3:27 | Queue | Villager (Male) |
| 3:55 | Build | House |
| 3:59 | Build | House |
| 4:06 | Queue | Villager (Male) |
| 4:23 | Build | House |
| 4:29 | Build | House |
| 4:38 | Queue | Villager (Male) |
| 4:59 | Build | Palisade Wall |
| 5:06 | Queue | Villager (Male) |
| 5:26 | Queue | Villager (Male) |
| 5:27 | Build | House |
| 5:43 | Queue | Villager (Male) |
| 6:11 | Research | Loom |
| 6:18 | Build | Mill |
| 6:52 | Research | Feudal Age |
| 7:21 | Build | Lumber Camp |
| 8:27 | Build | Barracks |
| 8:35 | Queue | Villager (Male) |
| 9:02 | Age | Feudal Age |
| 9:26 | Build | Stable |
| 9:29 | Queue | Villager (Male) |
| 9:35 | Build | House |
| 9:38 | Research | Double-Bit Axe |
| 9:42 | Queue | Villager (Male) |
| 9:53 | Queue | Villager (Male) |
| 10:03 | Queue | Villager (Male) |
| 10:17 | Queue | Scout Cavalry |
| 10:40 | Queue | Scout Cavalry |
| 10:43 | Build | House |
| 10:44 | Queue | Villager (Male) |
| 10:55 | Queue | Villager (Male) |
| 10:58 | Research | Horse Collar |
| 11:07 | Queue | Scout Cavalry |
| 11:17 | Build | House |
| 11:21 | Build | Farm |
| 11:22 | Build | Farm |
| 11:25 | Build | Farm |
| 11:28 | Build | Palisade Gate |
| 11:41 | Build | Farm |
| 11:43 | Queue | Villager (Male) |
| 11:54 | Queue | Scout Cavalry |
| 12:02 | Build | Farm |
| 12:06 | Build | House |
| 12:10 | Build | Palisade Wall |
| 12:19 | Build | Palisade Gate |
| 12:20 | Build | House |
| 12:21 | Build | Palisade Wall |
| 12:26 | Queue | Villager (Male) |
| 12:26 | Queue | Scout Cavalry |
| 12:28 | Build | Farm |
| 12:49 | Queue | Villager (Male) |
| 13:13 | Queue | Villager (Male) |
| 13:15 | Build | Blacksmith |
| 13:29 | Queue | Villager (Male) |
| 13:33 | Queue | Scout Cavalry |
| 13:37 | Build | Farm |
| 13:38 | Build | Farm |
| 13:39 | Queue | Villager (Male) |
| 13:59 | Queue | Villager (Male) |
| 14:08 | Build | Farm |
| 14:12 | Build | Farm |
| 14:13 | Build | Farm |
| 14:19 | Queue | Scout Cavalry |
| 14:52 | Build | Farm |
| 14:53 | Build | Farm |
| 14:53 | Queue | Villager (Male) |
| 15:01 | Queue | Scout Cavalry |
| 15:10 | Queue | Villager (Male) |
| 15:18 | Build | House |
| 15:26 | Build | Farm |
| 15:27 | Build | Farm |
| 15:31 | Build | Farm |
| 15:32 | Build | Farm |
| 15:41 | Build | Farm |
| 15:43 | Build | Farm |
| 15:45 | Build | Farm |
| 15:48 | Queue | Villager (Male) |
| 15:51 | Queue | Scout Cavalry |
| 15:58 | Build | Farm |
| 16:04 | Build | Farm |
| 16:07 | Build | House |
| 16:15 | Queue | Villager (Male) |
| 16:32 | Build | Farm |
| 16:32 | Build | Farm |
| 16:33 | Queue | Villager (Male) |
| 16:54 | Build | House |
| 16:59 | Research | Forging |
| 17:00 | Queue | Villager (Male) |
| 17:01 | Queue | Scout Cavalry |
| 17:08 | Build | Mining Camp |
| 17:33 | Queue | Villager (Male) |
| 17:46 | Queue | Villager (Male) |
| 17:57 | Queue | Scout Cavalry |
| 18:15 | Build | Stable |
| 18:26 | Queue | Villager (Male) |
| 18:27 | Queue | Scout Cavalry |
| 18:29 | Queue | Villager (Male) |
| 18:34 | Build | Farm |
| 18:35 | Build | Farm |
| 18:44 | Queue | Villager (Male) |
| 18:57 | Queue | Scout Cavalry |
| 19:07 | Build | Market |
| 19:08 | Queue | Villager (Male) |
| 19:31 | Queue | Scout Cavalry |
| 19:31 | Queue | Scout Cavalry |
| 19:34 | Queue | Villager (Male) |
| 19:54 | Build | Farm |
| 19:56 | Build | Farm |
| 20:24 | Research | Castle Age |
| 20:34 | Queue | Scout Cavalry |
| 20:46 | Build | Stable |
| 20:52 | Research | Bloodlines |
| 20:53 | Research | Bloodlines |
| 21:13 | Queue | Villager (Male) |
| 21:19 | Queue | Scout Cavalry |
| 21:21 | Queue | Scout Cavalry |
| 21:30 | Queue | Scout Cavalry |
| 21:54 | Queue | Scout Cavalry |
| 22:13 | Queue | Scout Cavalry |
| 22:14 | Queue | Scout Cavalry |
| 22:22 | Build | Mill |
| 22:27 | Research | Gold Mining |
| 22:30 | Queue | Scout Cavalry |
| 22:38 | Research | Scale Barding Armor |
| 22:53 | Queue | Scout Cavalry |
| 22:53 | Queue | Scout Cavalry |
| 23:04 | Age | Castle Age |
| 23:14 | Queue | Scout Cavalry |
| 23:18 | Build | House |
| 23:20 | Build | House |
| 23:22 | Build | House |
| 23:35 | Queue | Scout Cavalry |
| 23:35 | Queue | Scout Cavalry |
| 23:35 | Queue | Scout Cavalry |
| 23:51 | Research | Chain Barding Armor |
| 23:52 | Research | Chain Barding Armor |
| 23:52 | Queue | Villager (Male) |
| 24:09 | Build | Farm |
Build order — ׅ
First 150 of 154 actions detected
| 0:02 | Queue | Villager (Male) |
| 0:02 | Queue | Villager (Male) |
| 0:03 | Build | House |
| 0:04 | Queue | Villager (Male) |
| 0:07 | Build | House |
| 0:30 | Research | Loom |
| 0:31 | Queue | Villager (Male) |
| 1:43 | Queue | Villager (Male) |
| 2:04 | Queue | Villager (Male) |
| 2:42 | Queue | Villager (Male) |
| 3:01 | Build | Palisade Wall |
| 3:02 | Build | Palisade Wall |
| 3:18 | Queue | Villager (Male) |
| 3:18 | Queue | Villager (Male) |
| 3:45 | Build | Palisade Wall |
| 3:52 | Queue | Villager (Male) |
| 4:09 | Build | Palisade Wall |
| 4:30 | Queue | Villager (Male) |
| 4:36 | Build | House |
| 5:04 | Build | Palisade Wall |
| 5:05 | Build | Palisade Wall |
| 5:05 | Build | Palisade Wall |
| 5:07 | Queue | Villager (Male) |
| 5:12 | Queue | Villager (Male) |
| 5:33 | Queue | Villager (Male) |
| 5:38 | Queue | Villager (Male) |
| 6:10 | Build | House |
| 6:42 | Queue | Villager (Male) |
| 6:50 | Queue | Villager (Male) |
| 6:56 | Queue | Villager (Male) |
| 7:01 | Build | Mill |
| 7:15 | Build | Palisade Wall |
| 7:36 | Queue | Villager (Male) |
| 7:43 | Queue | Villager (Male) |
| 8:04 | Queue | Villager (Male) |
| 8:12 | Build | Palisade Wall |
| 8:16 | Build | Lumber Camp |
| 8:27 | Build | Palisade Wall |
| 9:02 | Research | Feudal Age |
| 9:25 | Build | Palisade Wall |
| 9:28 | Build | Palisade Wall |
| 9:43 | Build | Barracks |
| 10:01 | Build | Palisade Wall |
| 10:08 | Build | Palisade Wall |
| 10:16 | Build | Palisade Wall |
| 10:17 | Build | Palisade Wall |
| 10:17 | Build | Palisade Wall |
| 10:30 | Build | Palisade Wall |
| 10:42 | Build | Palisade Wall |
| 10:55 | Build | Farm |
| 11:00 | Build | Farm |
| 11:13 | Queue | Villager (Male) |
| 11:21 | Build | Lumber Camp |
| 11:25 | Queue | Villager (Male) |
| 11:27 | Age | Feudal Age |
| 11:45 | Queue | Villager (Male) |
| 11:52 | Build | House |
| 11:56 | Build | House |
| 11:59 | Build | Farm |
| 12:03 | Build | Farm |
| 12:23 | Queue | Villager (Male) |
| 12:33 | Build | Mill |
| 12:39 | Build | Farm |
| 12:42 | Queue | Villager (Male) |
| 12:51 | Build | House |
| 12:53 | Build | House |
| 12:59 | Build | Palisade Wall |
| 13:07 | Build | Watch Tower |
| 13:10 | Queue | Spearman |
| 13:11 | Queue | Spearman |
| 13:19 | Build | Farm |
| 13:25 | Build | Palisade Wall |
| 13:44 | Research | Double-Bit Axe |
| 14:02 | Queue | Villager (Male) |
| 14:28 | Build | Palisade Wall |
| 14:31 | Build | Farm |
| 14:33 | Queue | Villager (Male) |
| 14:43 | Build | Farm |
| 14:45 | Build | Farm |
| 14:46 | Queue | Villager (Male) |
| 14:57 | Queue | Villager (Male) |
| 14:58 | Build | Farm |
| 15:04 | Queue | Villager (Male) |
| 15:21 | Build | House |
| 15:26 | Queue | Villager (Male) |
| 15:28 | Build | Farm |
| 15:30 | Build | Farm |
| 15:32 | Queue | Villager (Male) |
| 15:38 | Queue | Villager (Male) |
| 15:59 | Build | Farm |
| 16:11 | Build | Lumber Camp |
| 16:26 | Build | House |
| 16:27 | Build | House |
| 16:28 | Build | House |
| 16:43 | Build | Farm |
| 16:55 | Build | Palisade Wall |
| 17:05 | Queue | Villager (Male) |
| 17:07 | Build | Farm |
| 17:11 | Build | Farm |
| 17:21 | Build | Mining Camp |
| 17:37 | Build | Mill |
| 17:42 | Queue | Villager (Male) |
| 17:53 | Build | Stable |
| 18:17 | Queue | Villager (Male) |
| 18:29 | Build | Farm |
| 18:33 | Build | Farm |
| 18:35 | Build | Farm |
| 18:36 | Queue | Villager (Male) |
| 18:40 | Build | House |
| 18:41 | Build | House |
| 18:42 | Build | House |
| 18:50 | Build | House |
| 18:55 | Build | House |
| 19:00 | Queue | Villager (Male) |
| 19:02 | Build | Farm |
| 19:14 | Build | Mill |
| 19:15 | Queue | Villager (Male) |
| 19:24 | Build | Palisade Wall |
| 19:25 | Build | Palisade Wall |
| 19:53 | Build | Farm |
| 19:57 | Queue | Villager (Male) |
| 19:59 | Research | Gold Mining |
| 19:59 | Research | Gold Mining |
| 20:00 | Queue | Villager (Male) |
| 20:31 | Build | House |
| 20:37 | Build | Stone Wall |
| 20:44 | Build | Stone Wall |
| 20:49 | Build | Stone Wall |
| 20:58 | Queue | Villager (Male) |
| 21:16 | Build | Stone Wall |
| 21:21 | Build | Stone Wall |
| 21:26 | Build | Farm |
| 21:28 | Queue | Villager (Male) |
| 21:28 | Queue | Villager (Male) |
| 21:43 | Build | Farm |
| 21:48 | Build | House |
| 21:49 | Build | House |
| 21:56 | Queue | Villager (Male) |
| 22:03 | Build | Gate |
| 22:12 | Build | Farm |
| 22:18 | Build | Stable |
| 22:29 | Queue | Villager (Male) |
| 22:34 | Build | Blacksmith |
| 22:43 | Build | Lumber Camp |
| 22:46 | Queue | Villager (Male) |
| 22:48 | Build | Farm |
| 22:56 | Build | House |
| 22:57 | Build | House |
| 22:58 | Build | House |
| 23:21 | Build | House |
Build order — Floki
140 actions detected in the replay
| 0:00 | Queue | Villager (Male) |
| 0:03 | Build | House |
| 0:04 | Build | House |
| 0:21 | Queue | Villager (Male) |
| 0:26 | Queue | Villager (Male) |
| 0:38 | Queue | Villager (Male) |
| 1:28 | Queue | Villager (Male) |
| 2:02 | Queue | Villager (Male) |
| 2:27 | Queue | Villager (Male) |
| 2:31 | Build | Lumber Camp |
| 2:50 | Queue | Villager (Male) |
| 3:16 | Queue | Villager (Male) |
| 3:35 | Build | House |
| 3:41 | Queue | Villager (Male) |
| 3:46 | Queue | Villager (Male) |
| 4:19 | Queue | Villager (Male) |
| 4:50 | Queue | Villager (Male) |
| 5:06 | Build | Mining Camp |
| 5:20 | Build | Mining Camp |
| 5:25 | Queue | Villager (Male) |
| 5:40 | Queue | Villager (Male) |
| 6:03 | Queue | Villager (Male) |
| 6:10 | Research | Loom |
| 7:00 | Research | Feudal Age |
| 7:54 | Build | Barracks |
| 8:05 | Build | House |
| 8:27 | Build | Palisade Wall |
| 8:39 | Queue | Villager (Male) |
| 8:59 | Queue | Villager (Male) |
| 9:16 | Age | Feudal Age |
| 9:25 | Build | Archery Range |
| 9:31 | Queue | Villager (Male) |
| 10:13 | Queue | Villager (Male) |
| 10:19 | Build | Archery Range |
| 10:22 | Build | Archery Range |
| 10:28 | Queue | Villager (Male) |
| 10:47 | Queue | Archer |
| 10:59 | Build | Mill |
| 11:05 | Build | House |
| 11:09 | Build | Palisade Wall |
| 11:18 | Build | Palisade Wall |
| 11:20 | Build | Palisade Wall |
| 11:22 | Build | Palisade Wall |
| 11:28 | Queue | Archer |
| 11:33 | Queue | Archer |
| 11:34 | Queue | Archer |
| 11:39 | Build | Farm |
| 11:43 | Build | Palisade Gate |
| 11:57 | Build | Blacksmith |
| 12:00 | Queue | Villager (Male) |
| 12:11 | Queue | Archer |
| 12:22 | Build | House |
| 12:37 | Queue | Archer |
| 12:37 | Queue | Archer |
| 12:37 | Queue | Villager (Male) |
| 12:44 | Build | Farm |
| 13:00 | Queue | Villager (Male) |
| 13:05 | Research | Fletching |
| 13:05 | Research | Fletching |
| 13:23 | Build | House |
| 13:50 | Queue | Archer |
| 13:50 | Queue | Villager (Male) |
| 13:56 | Build | Farm |
| 13:58 | Build | House |
| 14:06 | Queue | Archer |
| 14:07 | Queue | Archer |
| 14:29 | Queue | Archer |
| 14:30 | Queue | Villager (Male) |
| 14:35 | Queue | Villager (Male) |
| 15:04 | Queue | Villager (Male) |
| 15:06 | Queue | Archer |
| 15:06 | Queue | Archer |
| 15:20 | Build | Farm |
| 15:26 | Queue | Archer |
| 15:26 | Queue | Archer |
| 15:26 | Queue | Villager (Male) |
| 15:30 | Build | Farm |
| 16:01 | Queue | Villager (Male) |
| 16:03 | Build | Farm |
| 16:18 | Queue | Archer |
| 16:23 | Queue | Villager (Male) |
| 16:27 | Build | Farm |
| 16:28 | Build | Farm |
| 16:29 | Queue | Archer |
| 16:29 | Queue | Archer |
| 16:30 | Queue | Archer |
| 16:40 | Build | Farm |
| 16:41 | Queue | Villager (Male) |
| 17:00 | Queue | Villager (Male) |
| 17:12 | Queue | Archer |
| 17:12 | Queue | Archer |
| 17:13 | Queue | Villager (Male) |
| 17:15 | Build | Farm |
| 17:23 | Build | House |
| 17:24 | Build | House |
| 17:50 | Queue | Villager (Male) |
| 18:02 | Queue | Villager (Male) |
| 18:05 | Build | Farm |
| 18:05 | Build | Farm |
| 18:07 | Queue | Archer |
| 18:07 | Queue | Archer |
| 18:08 | Queue | Archer |
| 18:08 | Queue | Villager (Male) |
| 18:25 | Queue | Villager (Male) |
| 18:30 | Build | Farm |
| 18:35 | Build | House |
| 18:39 | Queue | Archer |
| 18:39 | Queue | Archer |
| 18:50 | Queue | Villager (Male) |
| 18:56 | Build | Farm |
| 18:59 | Queue | Archer |
| 19:00 | Queue | Villager (Male) |
| 19:21 | Build | Farm |
| 19:24 | Queue | Villager (Male) |
| 19:39 | Queue | Villager (Male) |
| 19:43 | Queue | Archer |
| 19:44 | Queue | Archer |
| 19:44 | Queue | Villager (Male) |
| 20:04 | Queue | Villager (Male) |
| 20:29 | Queue | Villager (Male) |
| 20:30 | Build | Farm |
| 20:32 | Queue | Villager (Male) |
| 20:40 | Build | Palisade Wall |
| 20:58 | Queue | Villager (Male) |
| 21:08 | Queue | Villager (Male) |
| 21:16 | Queue | Villager (Male) |
| 21:27 | Build | Farm |
| 21:29 | Build | Farm |
| 21:29 | Build | Farm |
| 21:30 | Build | Farm |
| 21:47 | Build | Farm |
| 21:54 | Queue | Archer |
| 21:55 | Queue | Archer |
| 22:01 | Research | Castle Age |
| 22:05 | Build | Mining Camp |
| 22:57 | Build | Archery Range |
| 23:17 | Research | Double-Bit Axe |
| 23:18 | Research | Horse Collar |
| 23:20 | Research | Gold Mining |
| 23:23 | Research | Padded Archer Armor |
Build order — Puff the Magic Dragon
109 actions detected in the replay
| 0:01 | Queue | Villager (Male) |
| 0:01 | Queue | Villager (Male) |
| 0:03 | Build | House |
| 0:04 | Build | House |
| 0:19 | Queue | Villager (Male) |
| 0:19 | Queue | Villager (Male) |
| 1:26 | Queue | Villager (Male) |
| 1:49 | Build | Palisade Wall |
| 1:57 | Queue | Villager (Male) |
| 2:31 | Queue | Villager (Male) |
| 2:44 | Build | Lumber Camp |
| 3:00 | Queue | Villager (Male) |
| 3:19 | Queue | Villager (Male) |
| 3:32 | Build | House |
| 3:32 | Build | House |
| 3:47 | Queue | Villager (Male) |
| 4:03 | Queue | Villager (Male) |
| 4:42 | Queue | Villager (Male) |
| 4:45 | Queue | Villager (Male) |
| 5:26 | Queue | Villager (Male) |
| 5:47 | Queue | Villager (Male) |
| 5:47 | Queue | Villager (Male) |
| 5:47 | Queue | Villager (Male) |
| 6:05 | Queue | Villager (Male) |
| 6:32 | Build | Mill |
| 6:44 | Queue | Villager (Male) |
| 7:43 | Research | Feudal Age |
| 7:54 | Build | Barracks |
| 8:17 | Build | Mining Camp |
| 8:55 | Queue | Militia |
| 8:55 | Queue | Militia |
| 8:55 | Queue | Militia |
| 9:16 | Queue | Militia |
| 9:41 | Queue | Villager (Male) |
| 9:53 | Age | Feudal Age |
| 9:55 | Build | Blacksmith |
| 9:57 | Build | House |
| 10:33 | Research | Double-Bit Axe |
| 10:34 | Queue | Villager (Male) |
| 11:16 | Research | Forging |
| 11:21 | Queue | Villager (Male) |
| 11:42 | Research | Scale Mail Armor |
| 11:43 | Queue | Villager (Male) |
| 11:54 | Research | Loom |
| 12:25 | Build | Lumber Camp |
| 12:45 | Research | Horse Collar |
| 12:55 | Queue | Villager (Male) |
| 12:55 | Queue | Villager (Male) |
| 12:56 | Queue | Villager (Male) |
| 13:04 | Queue | Militia |
| 13:04 | Queue | Militia |
| 13:19 | Queue | Militia |
| 13:45 | Build | Watch Tower |
| 13:49 | Build | House |
| 13:50 | Build | House |
| 13:54 | Build | Farm |
| 13:55 | Build | Farm |
| 13:57 | Queue | Villager (Male) |
| 14:14 | Research | Arson |
| 14:16 | Queue | Villager (Male) |
| 14:58 | Queue | Villager (Male) |
| 15:02 | Build | Farm |
| 15:03 | Build | Farm |
| 15:04 | Build | Farm |
| 15:07 | Build | Farm |
| 15:09 | Build | Farm |
| 15:11 | Build | Farm |
| 15:12 | Queue | Villager (Male) |
| 15:30 | Queue | Villager (Male) |
| 15:38 | Build | Farm |
| 15:39 | Build | Farm |
| 15:40 | Build | Farm |
| 16:19 | Build | Farm |
| 16:20 | Build | Farm |
| 16:20 | Build | Farm |
| 17:29 | Queue | Villager (Male) |
| 17:39 | Queue | Militia |
| 17:40 | Queue | Militia |
| 18:16 | Build | Mining Camp |
| 18:18 | Research | Wheelbarrow |
| 18:49 | Queue | Villager (Male) |
| 19:32 | Queue | Militia |
| 19:35 | Queue | Villager (Male) |
| 20:00 | Queue | Militia |
| 20:17 | Queue | Militia |
| 20:20 | Queue | Villager (Male) |
| 20:21 | Queue | Villager (Male) |
| 20:21 | Queue | Villager (Male) |
| 20:40 | Queue | Militia |
| 20:40 | Queue | Militia |
| 21:04 | Build | Lumber Camp |
| 21:14 | Queue | Militia |
| 21:26 | Build | Barracks |
| 21:29 | Queue | Villager (Male) |
| 21:45 | Build | Market |
| 21:51 | Build | House |
| 21:51 | Build | House |
| 21:52 | Build | House |
| 21:54 | Build | House |
| 21:57 | Queue | Villager (Male) |
| 23:15 | Research | Castle Age |
| 23:29 | Queue | Militia |
| 23:30 | Queue | Militia |
| 23:30 | Queue | Militia |
| 23:35 | Build | Farm |
| 23:59 | Queue | Militia |
| 24:00 | Queue | Militia |
| 24:04 | Build | Farm |
| 24:09 | Build | Farm |
Build order — lucasmauriciogona
First 150 of 152 actions detected
| 0:00 | Queue | Villager (Male) |
| 0:01 | Queue | Villager (Male) |
| 0:02 | Queue | Villager (Male) |
| 0:02 | Queue | Villager (Male) |
| 0:03 | Build | House |
| 0:06 | Build | House |
| 1:33 | Queue | Villager (Male) |
| 1:34 | Queue | Villager (Male) |
| 2:00 | Queue | Villager (Male) |
| 2:00 | Queue | Villager (Male) |
| 2:11 | Build | House |
| 2:27 | Queue | Villager (Male) |
| 2:27 | Queue | Villager (Male) |
| 2:31 | Build | Lumber Camp |
| 2:53 | Queue | Villager (Male) |
| 3:20 | Research | Loom |
| 3:21 | Queue | Villager (Male) |
| 3:24 | Build | House |
| 3:26 | Queue | Villager (Male) |
| 4:22 | Queue | Villager (Male) |
| 4:23 | Queue | Villager (Male) |
| 5:05 | Build | Mill |
| 5:31 | Queue | Villager (Male) |
| 5:32 | Queue | Villager (Male) |
| 6:07 | Queue | Villager (Male) |
| 6:39 | Research | Feudal Age |
| 7:05 | Build | Mining Camp |
| 7:35 | Queue | Villager (Male) |
| 7:36 | Queue | Villager (Male) |
| 7:42 | Build | House |
| 8:52 | Queue | Villager (Male) |
| 8:56 | Age | Feudal Age |
| 8:57 | Build | Outpost |
| 9:02 | Research | Double-Bit Axe |
| 9:25 | Research | Town Watch |
| 9:40 | Build | Watch Tower |
| 9:44 | Build | Outpost |
| 9:50 | Queue | Villager (Male) |
| 9:54 | Build | Farm |
| 9:56 | Build | Farm |
| 10:13 | Build | Blacksmith |
| 10:16 | Queue | Villager (Male) |
| 10:24 | Build | Palisade Wall |
| 10:24 | Build | Palisade Wall |
| 10:25 | Build | Palisade Wall |
| 10:26 | Build | Palisade Wall |
| 10:27 | Build | Palisade Wall |
| 10:27 | Build | Palisade Wall |
| 10:28 | Build | Palisade Wall |
| 10:28 | Build | Palisade Wall |
| 10:45 | Queue | Villager (Male) |
| 11:00 | Build | Farm |
| 11:05 | Build | Palisade Wall |
| 11:06 | Build | Palisade Wall |
| 11:31 | Build | Watch Tower |
| 11:34 | Build | Palisade Wall |
| 11:34 | Build | Palisade Wall |
| 11:35 | Build | Palisade Wall |
| 11:36 | Build | Palisade Wall |
| 11:36 | Build | Palisade Wall |
| 11:37 | Build | Palisade Wall |
| 11:38 | Build | Palisade Wall |
| 11:38 | Build | Palisade Wall |
| 11:42 | Research | Fletching |
| 11:47 | Build | Farm |
| 11:49 | Build | Farm |
| 12:00 | Queue | Villager (Male) |
| 12:23 | Build | Watch Tower |
| 12:39 | Build | Palisade Wall |
| 12:40 | Build | Palisade Wall |
| 12:40 | Build | Palisade Wall |
| 12:41 | Build | Palisade Wall |
| 12:42 | Build | Palisade Wall |
| 12:43 | Build | Palisade Wall |
| 12:43 | Build | Palisade Wall |
| 12:44 | Build | Palisade Wall |
| 12:45 | Queue | Villager (Male) |
| 12:53 | Build | House |
| 12:54 | Build | House |
| 13:15 | Build | Farm |
| 13:23 | Build | Farm |
| 13:26 | Build | Farm |
| 13:28 | Build | Farm |
| 13:47 | Queue | Villager (Male) |
| 14:17 | Queue | Villager (Male) |
| 14:19 | Build | Farm |
| 14:39 | Build | Outpost |
| 14:40 | Queue | Villager (Male) |
| 14:48 | Build | Barracks |
| 15:05 | Queue | Villager (Male) |
| 15:18 | Build | Watch Tower |
| 15:20 | Build | Palisade Wall |
| 15:20 | Build | Palisade Wall |
| 15:21 | Build | Palisade Wall |
| 15:22 | Build | Palisade Wall |
| 15:22 | Build | Palisade Wall |
| 15:23 | Build | Palisade Wall |
| 15:24 | Build | Palisade Wall |
| 15:24 | Build | Palisade Wall |
| 15:25 | Build | Palisade Wall |
| 15:27 | Queue | Villager (Male) |
| 15:33 | Queue | Villager (Male) |
| 15:40 | Queue | Villager (Male) |
| 16:07 | Build | Palisade Wall |
| 16:07 | Build | Palisade Wall |
| 16:54 | Queue | Villager (Male) |
| 16:54 | Queue | Villager (Male) |
| 17:08 | Queue | Villager (Male) |
| 17:38 | Queue | Villager (Male) |
| 18:03 | Queue | Villager (Male) |
| 18:03 | Queue | Villager (Male) |
| 18:22 | Queue | Villager (Male) |
| 18:28 | Build | House |
| 18:31 | Build | Palisade Wall |
| 18:34 | Build | Palisade Wall |
| 18:50 | Queue | Villager (Male) |
| 18:57 | Build | Archery Range |
| 18:59 | Build | Palisade Wall |
| 19:03 | Queue | Villager (Male) |
| 19:09 | Build | House |
| 19:12 | Build | Palisade Wall |
| 19:31 | Queue | Villager (Male) |
| 19:38 | Build | Lumber Camp |
| 19:41 | Queue | Villager (Male) |
| 19:46 | Build | House |
| 19:48 | Build | Palisade Wall |
| 20:00 | Build | House |
| 20:05 | Build | House |
| 20:07 | Build | House |
| 20:09 | Queue | Villager (Male) |
| 20:09 | Queue | Villager (Male) |
| 20:19 | Build | Farm |
| 20:40 | Build | House |
| 20:56 | Build | Farm |
| 20:57 | Build | Farm |
| 20:58 | Build | Farm |
| 21:23 | Build | Palisade Gate |
| 21:28 | Queue | Villager (Male) |
| 22:09 | Build | Farm |
| 22:10 | Queue | Villager (Male) |
| 22:14 | Build | Mining Camp |
| 22:16 | Queue | Villager (Male) |
| 22:47 | Queue | Villager (Male) |
| 23:03 | Queue | Villager (Male) |
| 23:04 | Queue | Villager (Male) |
| 23:15 | Build | Farm |
| 23:16 | Build | Farm |
| 23:16 | Build | Farm |
| 23:21 | Queue | Spearman |
| 23:22 | Queue | Spearman |
Build order — Ruenon
116 actions detected in the replay
| 0:00 | Queue | Villager (Male) ×4 |
| 0:03 | Build | House |
| 0:04 | Build | House |
| 1:23 | Queue | Villager (Male) |
| 1:51 | Build | Lumber Camp |
| 2:02 | Queue | Villager (Male) |
| 2:12 | Queue | Villager (Male) |
| 2:44 | Queue | Villager (Male) |
| 3:19 | Queue | Villager (Male) |
| 3:38 | Queue | Villager (Male) |
| 3:45 | Build | House |
| 3:55 | Queue | Villager (Male) |
| 4:28 | Queue | Villager (Male) |
| 5:00 | Queue | Villager (Male) |
| 5:26 | Queue | Villager (Male) |
| 5:27 | Queue | Villager (Male) |
| 5:30 | Research | Loom |
| 5:35 | Build | Mill |
| 6:28 | Research | Feudal Age |
| 7:04 | Build | Barracks |
| 7:33 | Queue | Villager (Male) |
| 8:02 | Build | House |
| 8:38 | Age | Feudal Age |
| 8:44 | Build | Stable |
| 9:04 | Queue | Villager (Male) |
| 9:15 | Research | Double-Bit Axe |
| 9:20 | Build | House |
| 9:27 | Queue | Scout Cavalry |
| 9:29 | Queue | Villager (Male) |
| 9:40 | Queue | Villager (Male) |
| 9:48 | Build | Palisade Wall |
| 9:53 | Build | Palisade Wall |
| 9:58 | Queue | Scout Cavalry |
| 9:58 | Queue | Villager (Male) |
| 10:00 | Build | Farm |
| 10:17 | Build | Palisade Wall |
| 10:20 | Build | Palisade Wall |
| 10:22 | Build | Palisade Wall |
| 10:25 | Build | Palisade Wall |
| 10:26 | Queue | Villager (Male) |
| 10:39 | Queue | Villager (Male) |
| 10:45 | Research | Horse Collar |
| 11:38 | Queue | Villager (Male) |
| 11:41 | Build | Farm |
| 11:52 | Queue | Villager (Male) |
| 12:05 | Queue | Scout Cavalry |
| 12:10 | Build | Farm |
| 12:14 | Build | Palisade Wall |
| 12:26 | Build | Blacksmith |
| 12:33 | Queue | Villager (Male) |
| 12:33 | Queue | Villager (Male) |
| 12:39 | Build | Farm |
| 13:09 | Research | Scale Barding Armor |
| 13:33 | Queue | Scout Cavalry |
| 13:34 | Queue | Scout Cavalry |
| 13:37 | Build | Palisade Wall |
| 13:49 | Build | Farm |
| 13:51 | Build | Farm |
| 14:00 | Queue | Scout Cavalry |
| 14:06 | Build | Farm |
| 14:08 | Build | Farm |
| 14:13 | Build | Palisade Wall |
| 14:18 | Build | Farm |
| 14:32 | Build | House |
| 14:48 | Queue | Villager (Male) |
| 14:50 | Build | Farm |
| 14:51 | Build | Farm |
| 15:05 | Queue | Scout Cavalry |
| 15:12 | Build | Mining Camp |
| 15:27 | Build | House |
| 15:28 | Build | House |
| 15:33 | Queue | Villager (Male) |
| 15:36 | Build | Farm |
| 15:45 | Queue | Scout Cavalry |
| 15:58 | Queue | Villager (Male) |
| 16:00 | Build | Farm |
| 16:07 | Build | Farm |
| 16:15 | Build | Farm |
| 16:25 | Build | Farm |
| 16:48 | Queue | Scout Cavalry |
| 17:26 | Build | Farm |
| 17:31 | Build | House |
| 17:36 | Research | Forging |
| 17:40 | Queue | Villager (Male) |
| 17:41 | Queue | Villager (Male) |
| 18:20 | Build | Farm |
| 18:22 | Queue | Villager (Male) |
| 18:26 | Build | Market |
| 18:34 | Queue | Scout Cavalry |
| 18:34 | Queue | Scout Cavalry |
| 18:47 | Build | Stable |
| 19:04 | Queue | Villager (Male) |
| 19:04 | Queue | Villager (Male) |
| 19:28 | Queue | Scout Cavalry |
| 19:42 | Queue | Villager (Male) |
| 19:48 | Research | Bloodlines |
| 19:51 | Queue | Scout Cavalry |
| 19:57 | Build | Mining Camp |
| 20:02 | Queue | Villager (Male) |
| 20:04 | Build | Farm |
| 20:30 | Build | Farm |
| 20:31 | Queue | Villager (Male) |
| 20:37 | Queue | Villager (Male) |
| 20:55 | Build | Farm |
| 20:55 | Queue | Villager (Male) |
| 21:04 | Queue | Scout Cavalry |
| 21:05 | Queue | Scout Cavalry |
| 21:08 | Queue | Villager (Male) |
| 21:15 | Build | Farm |
| 21:32 | Queue | Villager (Male) |
| 21:50 | Build | Farm |
| 22:06 | Queue | Villager (Male) |
| 22:28 | Build | Farm |
| 22:49 | Build | Farm |
| 22:54 | Research | Castle Age |
| 22:54 | Research | Castle Age |
Match timeline
| 1:49 | Puff the Magic Dragon · wall_segment Palisade Wall x1 |
| 3:01 | ׅ · wall_segment Palisade Wall x5 |
| 3:02 | ׅ · wall_segment Palisade Wall x3 |
| 3:45 | ׅ · wall_segment Palisade Wall x1 |
| 4:09 | ׅ · wall_segment Palisade Wall x1 |
| 4:59 | RD | Dominicano · wall_segment Palisade Wall x9 |
| 5:04 | ׅ · wall_segment Palisade Wall x3 |
| 5:05 | ׅ · wall_segment Palisade Wall x1 |
| 5:05 | ׅ · wall_segment Palisade Wall x1 |
| 7:04 | Ruenon · first_building Barracks |
| 7:15 | ׅ · wall_segment Palisade Wall x5 |
| 7:54 | Floki · first_building Barracks |
| 7:54 | Puff the Magic Dragon · first_building Barracks |
| 8:12 | ׅ · wall_segment Palisade Wall x4 |
| 8:27 | ׅ · wall_segment Palisade Wall x11 |
| 8:27 | Floki · wall_segment Palisade Wall x6 |
| 8:27 | RD | Dominicano · first_building Barracks |
| 8:35 | HIX | Mark Anthony · first_building Barracks |
| 8:37 | HIX | Mark Anthony · wall_segment Palisade Wall x2 |
| 8:38 | Ruenon · age_up feudal |
| 8:44 | Ruenon · first_building Stable |
| 8:56 | lucasmauriciogona · age_up feudal |
| 9:02 | rookie · first_building Barracks |
| 9:02 | RD | Dominicano · age_up feudal |
| 9:16 | Floki · age_up feudal |
| 9:25 | ׅ · wall_segment Palisade Wall x1 |
| 9:25 | Floki · first_building Archery Range |
| 9:26 | RD | Dominicano · first_building Stable |
| 9:28 | ׅ · wall_segment Palisade Wall x5 |
| 9:43 | ׅ · first_building Barracks |
| 9:47 | HIX | Mark Anthony · age_up feudal |
| 9:48 | Ruenon · wall_segment Palisade Wall x1 |
| 9:53 | Ruenon · wall_segment Palisade Wall x9 |
| 9:53 | Puff the Magic Dragon · age_up feudal |
| 9:54 | HIX | Mark Anthony · wall_segment Palisade Wall x2 |
| 9:56 | HIX | Mark Anthony · wall_segment Palisade Wall x2 |
| 10:01 | ׅ · wall_segment Palisade Wall x1 |
| 10:08 | ׅ · wall_segment Palisade Wall x1 |
| 10:11 | rookie · wall_segment Palisade Wall x6 |
| 10:16 | ׅ · wall_segment Palisade Wall x1 |
| 10:17 | Ruenon · wall_segment Palisade Wall x1 |
| 10:17 | ׅ · wall_segment Palisade Wall x1 |
| 10:17 | ׅ · wall_segment Palisade Wall x1 |
| 10:20 | Ruenon · wall_segment Palisade Wall x1 |
| 10:22 | Ruenon · wall_segment Palisade Wall x7 |
| 10:24 | lucasmauriciogona · wall_segment Palisade Wall x1 |
| 10:24 | lucasmauriciogona · wall_segment Palisade Wall x1 |
| 10:25 | lucasmauriciogona · wall_segment Palisade Wall x1 |
| 10:25 | Ruenon · wall_segment Palisade Wall x10 |
| 10:26 | lucasmauriciogona · wall_segment Palisade Wall x1 |
| 10:27 | lucasmauriciogona · wall_segment Palisade Wall x1 |
| 10:27 | lucasmauriciogona · wall_segment Palisade Wall x1 |
| 10:28 | lucasmauriciogona · wall_segment Palisade Wall x1 |
| 10:28 | lucasmauriciogona · wall_segment Palisade Wall x1 |
| 10:30 | ׅ · wall_segment Palisade Wall x1 |
| 10:33 | rookie · wall_segment Palisade Wall x8 |
| 10:42 | ׅ · wall_segment Palisade Wall x2 |
| 10:52 | rookie · age_up feudal |
| 10:54 | rookie · wall_segment Palisade Wall x3 |
| 11:04 | rookie · first_building Stable |
| 11:05 | lucasmauriciogona · wall_segment Palisade Wall x1 |
| 11:06 | lucasmauriciogona · wall_segment Palisade Wall x1 |
| 11:09 | Floki · wall_segment Palisade Wall x5 |
| 11:18 | Floki · wall_segment Palisade Wall x1 |
| 11:20 | Floki · wall_segment Palisade Wall x9 |
| 11:22 | Floki · wall_segment Palisade Wall x2 |
| 11:27 | ׅ · age_up feudal |
| 11:34 | lucasmauriciogona · wall_segment Palisade Wall x1 |
| 11:34 | lucasmauriciogona · wall_segment Palisade Wall x1 |
| 11:35 | lucasmauriciogona · wall_segment Palisade Wall x1 |
| 11:36 | lucasmauriciogona · wall_segment Palisade Wall x1 |
| 11:36 | lucasmauriciogona · wall_segment Palisade Wall x1 |
| 11:37 | lucasmauriciogona · wall_segment Palisade Wall x1 |
| 11:38 | lucasmauriciogona · wall_segment Palisade Wall x1 |
| 11:38 | lucasmauriciogona · wall_segment Palisade Wall x1 |
| 12:10 | RD | Dominicano · wall_segment Palisade Wall x6 |
| 12:14 | Ruenon · wall_segment Palisade Wall x8 |
| 12:21 | RD | Dominicano · wall_segment Palisade Wall x15 |
| 12:39 | lucasmauriciogona · wall_segment Palisade Wall x1 |
| 12:40 | lucasmauriciogona · wall_segment Palisade Wall x1 |
| 12:40 | lucasmauriciogona · wall_segment Palisade Wall x1 |
| 12:41 | lucasmauriciogona · wall_segment Palisade Wall x1 |
| 12:42 | lucasmauriciogona · wall_segment Palisade Wall x1 |
| 12:43 | lucasmauriciogona · wall_segment Palisade Wall x1 |
| 12:43 | lucasmauriciogona · wall_segment Palisade Wall x1 |
| 12:44 | lucasmauriciogona · wall_segment Palisade Wall x1 |
| 12:59 | ׅ · wall_segment Palisade Wall x1 |
| 13:25 | ׅ · wall_segment Palisade Wall x1 |
| 13:37 | Ruenon · wall_segment Palisade Wall x4 |
| 14:13 | Ruenon · wall_segment Palisade Wall x1 |
| 14:28 | ׅ · wall_segment Palisade Wall x1 |
| 14:44 | rookie · wall_segment Palisade Wall x1 |
| 14:48 | lucasmauriciogona · first_building Barracks |
| 15:20 | lucasmauriciogona · wall_segment Palisade Wall x1 |
| 15:20 | lucasmauriciogona · wall_segment Palisade Wall x1 |
| 15:21 | lucasmauriciogona · wall_segment Palisade Wall x1 |
| 15:22 | lucasmauriciogona · wall_segment Palisade Wall x1 |
| 15:22 | lucasmauriciogona · wall_segment Palisade Wall x1 |
| 15:23 | lucasmauriciogona · wall_segment Palisade Wall x1 |
| 15:24 | lucasmauriciogona · wall_segment Palisade Wall x1 |
| 15:24 | lucasmauriciogona · wall_segment Palisade Wall x1 |
| 15:25 | lucasmauriciogona · wall_segment Palisade Wall x1 |
| 15:28 | rookie · wall_segment Palisade Wall x12 |
| 16:07 | lucasmauriciogona · wall_segment Palisade Wall x1 |
| 16:07 | lucasmauriciogona · wall_segment Palisade Wall x1 |
| 16:55 | ׅ · wall_segment Palisade Wall x1 |
| 17:53 | ׅ · first_building Stable |
| 18:31 | lucasmauriciogona · wall_segment Palisade Wall x1 |
| 18:34 | lucasmauriciogona · wall_segment Palisade Wall x3 |
| 18:57 | lucasmauriciogona · first_building Archery Range |
| 18:59 | lucasmauriciogona · wall_segment Palisade Wall x1 |
| 19:12 | lucasmauriciogona · wall_segment Palisade Wall x14 |
| 19:24 | ׅ · wall_segment Palisade Wall x1 |
| 19:25 | ׅ · wall_segment Palisade Wall x1 |
| 19:48 | lucasmauriciogona · wall_segment Palisade Wall x1 |
| 20:37 | ׅ · wall_segment Stone Wall x1 |
| 20:40 | Floki · wall_segment Palisade Wall x1 |
| 20:44 | ׅ · wall_segment Stone Wall x2 |
| 20:49 | ׅ · wall_segment Stone Wall x1 |
| 21:16 | ׅ · wall_segment Stone Wall x3 |
| 21:21 | ׅ · wall_segment Stone Wall x1 |
| 23:02 | Puff the Magic Dragon · first_market_sell 100 wood |
| 23:04 | RD | Dominicano · age_up castle |
| 23:51 | RD | Dominicano · first_market_buy 100 food |
| 24:08 | rookie · resign |
[ AI ANALYSIS · 1 CREDIT ]
What really happened in this match?
Wolo.gg analyzes every decision: build order, eco, micro, common mistakes by bracket. Personalized analysis on WhatsApp or Discord in 30 seconds.
Civ guide
Incas
Perfil
Jugador #4610773